 Dungeon Crawl Stone Soup version 0.18-a0-640-g2c992fa (console) character file.

52 bli the Charmwright (level 3, -6/28 HPs)
             Began as a Merfolk Skald on Dec 5, 2015.
             Mangled by a gnoll
             ... wielding a +0 flail
              (10 damage)
             ... on level 2 of the Dungeon.
             The game lasted 00:05:50 (1275 turns).

bli the Charmwright (Merfolk Skald)                 Turns: 1275, Time: 00:05:51

Health: -6/28      AC:  4    Str: 12    XL:     3   Next: 85%
Magic:  1/6        EV: 11    Int: 11    God:
Gold:   83         SH:  0    Dex: 14    Spells: 1 memorised, 6 levels left

rFire  . . .     SeeInvis .     a - +0 spear
rCold  . . .     Clarity  .     b - +0 leather armour
rNeg   . . .     SustAt   .     (no shield)
rPois  .         Gourm    .     m - +0 helmet
rElec  .         Spirit   .     (no cloak)
rCorr  .         Dismiss  .     (no gloves)
rMut   .         Stasis   .     (no boots)
MR     .....                    (no amulet)
Stlth  +.........               (no ring)
                                (no ring)

@: not resistant to hostile enchantments, very unstealthy
A: change form in water, swift swim
a: no special abilities


You were on level 2 of the Dungeon.
You were hungry.

You visited 1 branch of the dungeon, and saw 2 of its levels.

You collected 83 gold pieces.

Inventory:

Hand Weapons
 a - a +0 spear (weapon)
Missiles
 k - 44 stones (quivered)
Armour
 b - a +0 leather armour (worn)
 m - a +0 helmet (worn)
Scrolls
 e - a scroll of fog {unknown}
 g - a scroll of remove curse {unknown}
 i - a scroll of identify {unknown}
 l - a scroll of magic mapping {unknown}
 n - a scroll of recharging {unknown}
 o - a scroll of immolation {unknown}
Potions
 h - 3 potions of curing {unknown}
Books
 c - a book of Battle

   Spells                             Type                      Level
   a - Infusion                       Charms                       1
   b - Shroud of Golubria             Charms/Translocation         2
   c - Song of Slaying                Charms                       2
   d - Spectral Weapon                Hexes/Charms                 3
   e - Regeneration                   Charms/Necromancy            3
Comestibles
 d - 2 bread rations
 f - a slice of pizza


   Skills:
 * Level 2.6 Fighting
 + Level 3.3 Polearms
 - Level 1.0 Armour
 + Level 1.5 Dodging
 + Level 0.8 Stealth
 + Level 2.6 Spellcasting
 + Level 3.7 Charms


You had 6 spell levels left.
You knew the following spells:

 Your Spells              Type           Power        Failure   Level  Hunger
a - Infusion              Chrm           #.....       10%         1    ##.....


Dungeon Overview and Level Annotations

Branches:
Dungeon (2/15)

Altars:
Ashenzari
Sif Muna
Yredelemnul
The Shining One


Message History

The gnoll barely misses you.
Attack whom?
Press: ? - help, Dir - move target cursor, f/p - gnoll
Aim: a gnoll, wielding a halberd (severely wounded)
You reach to attack!
You closely miss the gnoll.
The gnoll is severely wounded.
The gnoll misses you.
Attack whom?
Press: ? - help, Dir - move target cursor, f/p - gnoll
Aim: a gnoll, wielding a halberd (severely wounded)
You reach to attack!
You hit the gnoll.
You kill the gnoll!
As you open the door, it creaks loudly!
Found an inky potion.
Found a deep blue altar of Sif Muna.
There is an open door here.
A worm comes into view.
There is a deep blue altar of Sif Muna here.
The gnoll hits you with a flail!
You die...

#...(#.........#
#.##.#.#######.##
#...........#...#
####......#<....#
#########.##.#.##..#
#.......#.#........#
#.......#..........#
#.......#....#.....#
#.......#..........#
#..._...#.........##
#!.@g...#...........
#...g...#.........##
#.....g.#...#...#.#
#.......#..######.#
#.......#.......#.#
#.......#..####.#.#
#####'#w#..# #.#
#.#)#..# #+#
#)#.#..####.
#.)..>.......
########'########.


You could see a worm and 3 gnolls.

Vanquished Creatures
  A gnoll (D:2)
  An ooze (D:1)
  3 giant cockroaches
  2 goblins
  3 hobgoblins (D:2)
  6 jackals (D:2)
  8 kobolds
  A bat (D:2)
  A giant gecko (D:1)
  A giant newt (D:1)
  7 rats (D:1)
34 creatures vanquished.

Notes
Turn   | Place    | Note
--------------------------------------------------------------
     0 | D:1      | bli the Merfolk Skald began the quest for the Orb.
     0 | D:1      | Reached XP level 1. HP: 16/16 MP: 3/3
   252 | D:1      | Reached XP level 2. HP: 21/23 MP: 5/5
   914 | D:2      | Reached XP level 3. HP: 24/28 MP: 0/6
   947 | D:2      | Found a glowing golden altar of the Shining One.
  1010 | D:2      | Found a basalt altar of Yredelemnul.
  1041 | D:2      | Reached skill level 1 in Armour
  1163 | D:2      | Found a shattered altar of Ashenzari.
  1267 | D:2      | Found a deep blue altar of Sif Muna.
  1275 | D:2      | Mangled by a gnoll

Vault maps used:
D:1:      nicolae_arrival_somewhat_less_tricky_arrival
D:2:      lemuel_doored_altar, lemuel_zombie_altar_kikubaaqudgha,
          ashenzari_altar_1, overflow_temple_1_default,
          yredelemnul_altar_generic

Action                   || total
-------------------------++-------
Melee: Spear             ||   135
 Cast: Infusion          ||    11
 Stab: Sleeping          ||     1
  Eat: Chunk             ||     1
